 Dungeon Crawl Stone Soup version 0.32-a0-876-gcfddb08e57 (webtiles) character file.

Game seed: 1920013447832908807

569 dcgrp the Firebug (level 7, -4/58 HPs)
             Began as a Mountain Dwarf Fire Elementalist on Mar 31, 2024.
             Succumbed to an orc wizard's poison
             ... on level 3 of the Dungeon on Apr 1, 2024.
             The game lasted 00:12:39 (4332 turns).

dcgrp the Firebug (MDFE)                            Turns: 4332, Time: 00:12:39

Health: -4/58      AC:  7    Str: 11    XL:     7   Next: 11%
Magic:  10/10      EV:  9    Int: 17    God:
Gold:   169        SH:  4    Dex: 10    Spells: 9/10 levels left

rFire   . . .        w - +2 spear (vamp)
rCold   . . .        n - +0 buckler
rNeg    . . .        p - +0 acid dragon scales
rPois   .            (no helmet)
rElec   .            (no cloak)
rCorr   +            (no gloves)
SInv    .            (no boots)
Will    .....        (no amulet)
Stlth   +            (no ring)
HPRegen 0.29/turn    (no ring)
MPRegen 0.12/turn

%: no passive effects
@: lethally poisoned (-4 -> -38)
A: runic magic, artefact enchanting
a: no special abilities


You were on level 3 of the Dungeon.
You visited 1 branch of the dungeon, and saw 3 of its levels.
You also visited: Sewer.

You collected 169 gold pieces.

Inventory:

Hand Weapons
 c - a +0 short sword
 j - a +2 dagger of venom
 s - a +1 dagger of draining
 w - a +2 vampiric spear (weapon)
Missiles
 d - 18 stones
 k - 17 poisoned darts
 m - 2 throwing nets
Armour
 e - a +0 leather armour
 n - a +0 buckler (worn)
 p - +0 acid dragon scales (worn)
Scrolls
 f - a scroll of enchant armour {unknown}
 g - 3 scrolls of fog {unknown}
 h - 2 scrolls of revelation {unknown}
 l - 3 scrolls of identify {unknown}
 t - a scroll of vulnerability {unknown}
 u - a scroll of immolation {unknown}
 v - a scroll of torment {unknown}
 x - a scroll of teleportation {unknown}
 y - a scroll of summoning {unknown}
Potions
 a - a potion of ambrosia {unknown}
 b - a potion of magic
 i - a potion of might {unknown}
 o - a potion of brilliance {unknown}
 q - a potion of enlightenment {unknown}
 r - 2 potions of invisibility {unknown}


   Skills:
 + Level 3.8 Fighting
 - Level 4.0 Armour
 - Level 1.3 Dodging
 - Level 1.4 Stealth
 - Level 4.0 Shields
 - Level 2.0 Spellcasting
 - Level 2.0 Conjurations
 - Level 5.0 Fire Magic


You had 9 spell levels left.
You knew the following spells:

 Your Spells              Type           Power      Damage    Failure   Level
a - Foxfire               Conj/Fire      52%        2x1d6     7%          1

Your spell library contained the following spells:

 Spells                   Type           Power      Damage    Failure   Level
 Scorch                   Fire           36%        2d6       6%          2
 Inner Flame              Hex/Fire       10%        N/A       32%         3
 Volatile Blastmotes      Fire/Tloc      20%        2d11      32%         3
 Cigotuvi's Dreadful Rot  Necr/Alch/Air  2%         N/A       41%         2
 Flame Wave               Conj/Fire      13%        2d6       56%         4
 Tukima's Dance           Hex            1%         N/A       65%         3
 Iskenderun's Mystic Bla Conj/Tloc 5%             2d3        (+2d1     89%         4
 Dimensional Bullseye     Hex/Tloc       0%         N/A       96%         4
 Dispel Undead            Necr           1%         3d6       96%         4
 Martyr's Knell           Necr/Summ      1%         N/A       96%         4


Dungeon Overview and Level Annotations

Branches:
Dungeon (3/15)              Sewer (visited)

Altars:


Innate Abilities, Weirdness & Mutations

Your spellcasting is much less encumbered by armour.
You can use scrolls of enchantment on lesser artefacts.


Message History

The orc is heavily wounded.
You feel very sick.
The orc hits you with a +2 hand axe of flaming.
The orc burns you. Something hits you but does no damage.
You barely miss the orc.
The orc is heavily wounded.
You feel sick. The orc barely misses you.
Something hits you but does no damage.
You hit the orc.
You feel better.
You kill the orc!
You feel sick. Something hits you but does no damage.
You are more poisoned.
You miss something.
You feel very sick. Something hits you but does no damage.
You are lethally poisoned!
Something hits you but does no damage.
You are more poisoned.
You barely miss something.
* * * LOW HITPOINT WARNING * * *
You feel extremely sick. Something hits you but does no damage.
You are more poisoned.
You hit something.
You feel better.
* * * LOW HITPOINT WARNING * * *
You feel extremely sick.
Reactivating autopickup.
An orc wizard appears from thin air!
The orc wizard hits you but does no damage.
You are more poisoned.
Okay, then.
Unknown command.
Okay, then.
Unknown command.
Okay, then.
Unknown command.
Unknown command.
You miss the orc wizard.
The orc wizard is heavily wounded.
You die...

#......>
#################.
#.........# #.
#.#######.# #. #.#
#####.#######. #.#
#............# #.#
#.......####.. #)#
#.###.#.# #...
#@###.###.#.# ##..
#o....)...#.# ##.
#####...###.# #.
#.......# #.
###.##### ##' #.#
##.. #.# ##...
##.## ##....
##...####.....


You could see an orc wizard.

Vanquished Creatures
  4 kobold brigands (Sewer)
  A jelly (D:3)
  An orc priest (D:3)
  9 adders
  4 river rats
  A dart slug (D:1)
  2 ribbon worms
  8 orcs (D:3)
  9 endoplasms
  5 giant cockroaches
  2 goblins (D:1)
  9 hobgoblins
  2 jackals (D:1)
  3 quokkas
  8 ball pythons
  4 bats
  2 frilled lizards
  11 kobolds
  32 rats
117 creatures vanquished.

Vanquished Creatures (others)
  260 foxfires
260 creatures vanquished.

Grand Total: 377 creatures vanquished

Notes
Turn   | Place    | Note
-------+----------+-------------------------------------------
     0 | D:1      | dcgrp the Mountain Dwarf Fire Elementalist began the quest
                  | for the Orb.
     0 | D:1      | Reached XP level 1. HP: 14/14 MP: 3/3
   233 | D:1      | Reached skill level 4 in Fire Magic
   289 | D:1      | Reached XP level 2. HP: 20/20 MP: 0/5
   802 | D:1      | Reached XP level 3. HP: 22/26 MP: 2/6
   912 | D:1      | Reached skill level 5 in Fire Magic
  1089 | D:2      | Reached skill level 1 in Fighting
  1755 | D:2      | Reached XP level 4. HP: 36/36 MP: 2/7
  2071 | D:2      | Reached skill level 1 in Shields
  2455 | D:3      | Reached skill level 1 in Armour
  2479 | D:3      | Found a glowing drain.
  2510 | D:3      | Reached XP level 5. HP: 17/42 MP: 2/8
  2535 | Sewer    | Entered a sewer
  2883 | Sewer    | Reached XP level 6. HP: 32/51 MP: 6/9
  3371 | Sewer    | Reached skill level 1 in Conjurations
  3703 | Sewer    | Reached XP level 7. HP: 52/57 MP: 2/10
  4332 | D:3      | Succumbed to an orc wizard's poison

Illustrated notes

Levels and vault maps discovered:
D:1:      amcnicky_arrival_gap_in_the_tavern_cellar, layout_rooms,
          amcnicky_mini_pool_small, hangedman_abyss_or_decor_stabs,
          kennysheep_decorative_pillar
D:2:      layout_loops_corners, minmay_rat_hole
D:3:      layout_loops_corners, cheibrodos_sewer_entry_sluice

Skill      XL: |  1  2  3  4  5  6 |
---------------+-------------------+-----
Spellcasting   | 2 |  2.0
Fire Magic     | 4 5 |  5.0
Fighting       | 2 3 |  3.8
Shields        | 1 3 4 |  4.0
Armour         | 1 3 4 |  4.0
Conjurations   | 2 |  2.0
Dodging        | |  1.3
Stealth        | |  1.4

Action                     |  1- 3 |  4- 6 |  7- 9 || total
---------------------------+-------+-------+-------++-------
  Melee: Unarmed           |    17 |       |       ||    17
         Short sword       |    30 |       |       ||    30
         Dagger            |    10 |    74 |    15 ||    99
         Spear             |       |       |    22 ||    22
   Cast: Foxfire           |    72 |    80 |    14 ||   166
 Armour: Robe              |    10 |       |       ||    10
         Leather armour    |    34 |       |       ||    34
         Acid dragon scale |       |    64 |    42 ||   106
  Dodge: Dodged            |    34 |    47 |    22 ||   103
  Block: Buckler           |     2 |    18 |     6 ||    26

Table legend: (Time is in decaauts)
 A = Elapsed time spent in this place.
 B = Non-inter-level travel time spent in this place.
 C = Inter-level travel time spent in this place.
 D = Time resting spent in this place.
 E = Time spent auto-exploring this place.
 F = Levels seen in this place.
 G = Mean time per level.
                   A        B        C        D        E       F      G
               +--------+--------+--------+--------+--------+-----+--------+
         Total |   4503 |   4467 |     36 |      0 |   3465 |   4 | 1125.8 |
       Dungeon |   3084 |   3048 |     36 |      0 |   2279 |   3 | 1028.0 |
         Sewer |   1419 |   1419 |      0 |      0 |   1186 |   1 | 1419.0 |
               +--------+--------+--------+--------+--------+-----+--------+

Top non-repeatable levels by time:
   Sewer: 1419 daAuts
     D:2: 1268 daAuts
     D:1: 1083 daAuts
     D:3: 732 daAuts
